 Dungeon Crawl Stone Soup version 0.23.2-40-g277498a001 (webtiles) character file.

Game seed: 16080564522036972732

37506 Aggronaut the Severer (level 13, -19/101 HPs)
             Began as a Demonspawn Berserker on Sept 30, 2019.
             Was a High Priest of Trog.
             Demolished by an orc knight
             ... wielding a +0 war axe
              (23 damage)
             ... on level 9 of the Dungeon.
             The game lasted 01:00:06 (18146 turns).

Aggronaut the Severer (Demonspawn Berserker)       Turns: 18146, Time: 01:00:06

Health: -19/101    AC: 23    Str: 24    XL:     13   Next: 58%
Magic:  0/13       EV:  4    Int:  8    God:    Trog [*****.]
Gold:   1064       SH:  0    Dex: 12    Spells: 12/12 levels left

rFire    . . .     SeeInvis .   R - +8 frozen axe "Frostbite" {freezing cloud, *Noise +Fly rC+}
rCold    + + .     Gourm    .   (shield currently unavailable)
rNeg     . . .     Faith    .   l - +1 crystal plate armour
rPois    +         Spirit   +   L - +2 hat
rElec    .         Reflect  .   z - +2 cloak
rCorr    .         Harm     .   (gloves unavailable)
MR       .....                  (no boots)
Stlth    ..........             (no amulet)
HPRegen  0.26/turn              A - ring of poison resistance
MPRegen  0.26/turn              (no ring)

@: berserk cooldown, slowed, very slow
A: claws 3, yellow scales 1, cold resistance 1, magic shield, magic
regeneration, freezing cloud immunity
a: Berserk, Trog's Hand, Brothers in Arms, Renounce Religion, Evoke Flight


You were on level 9 of the Dungeon.
You worshipped Trog.
Trog was extremely pleased with you.
You were not hungry.

You visited 3 branches of the dungeon, and saw 17 of its levels.
You also visited: Bailey.

You collected 1257 gold pieces.
You spent 193 gold pieces at shops.

Inventory:

Hand Weapons
 J - a +3 antimagic broad axe
 R - the +8 frozen axe "Frostbite" (weapon) {freezing cloud, *Noise +Fly rC+}
   (You found it on level 12 of the Dungeon)

   It has been specially enchanted to freeze those struck by it, causing extra
   injury to most foes and up to half again as much damage against particularly
   susceptible opponents.
   It can also slow down cold-blooded creatures.
   It protects you from cold.
   It lets you fly.
   It may make noises in combat.
 U - a +3 executioner's axe of chopping
Missiles
 k - 5 steel tomahawks (quivered)
 G - 2 throwing nets
Armour
 l - a +1 crystal plate armour (worn)
 u - the +3 leather armour "Upontak" {-Tele rElec rC+ MR+}
   (You found it on level 4 of the Dungeon)

   It protects you from cold.
   It insulates you from electricity.
   It affects your resistance to hostile enchantments.
   It prevents most forms of teleportation.
 y - a +0 helmet
 z - a +2 cloak (worn)
 L - a +2 hat (worn)
Jewellery
 g - an uncursed ring of protection from cold
 t - an uncursed ring of protection from magic
 A - a ring of poison resistance (left claw)
 B - a +5 ring of dexterity
 F - an uncursed ring of positive energy
 N - an uncursed ring of protection from fire
 Q - a cursed amulet of inaccuracy {unknown}
Wands
 a - a wand of iceblast (8)
 e - a wand of flame (32)
 H - a wand of digging (12)
 O - a wand of paralysis (25)
 P - a wand of random effects (35)
Scrolls
 b - a scroll of fog
 d - 2 scrolls of enchant weapon
 h - 4 scrolls of teleportation
 j - 3 scrolls of blinking
 o - 7 scrolls of remove curse
 w - a scroll of enchant armour
 C - 7 scrolls of magic mapping
 T - a scroll of vulnerability
Potions
 f - 12 potions of curing
 m - 2 potions of flight
 p - a potion of resistance
 q - a potion of might
 r - 2 potions of heal wounds
 s - 3 potions of ambrosia
 v - 2 potions of mutation
 x - 3 potions of agility
 D - 3 potions of invisibility
 E - a potion of brilliance
 K - a potion of cancellation
Miscellaneous
 I - a lightning rod (4/4)
 M - a lamp of fire
Comestibles
 c - 18 rations


   Skills:
 + Level 9.5 Fighting
 * Level 18.7 Axes
 - Level 1.7 Armour
 - Level 1.7 Dodging


You had 12 spell levels left.
You didn't know any spells.
Your spell library contained the following spells:

 Spells                   Type           Power        Failure   Level  Hunger
 Flame Tongue             Conj/Fire      #....        100%        1    ##.....
 Shock                    Conj/Air       #...         100%        1    ##.....
 Summon Small Mammal      Summ           #...         100%        1    ##.....
 Call Imp                 Summ           #.......     100%        2    ###....
 Swiftness                Chrm/Air       #.......     100%        2    ###....
 Throw Flame              Conj/Fire      #.....       100%        2    ###....
 Call Canine Familiar     Summ           #.......     100%        3    ####...
 Conjure Flame            Conj/Fire      #.......     100%        3    ####...
 Inner Flame              Hex/Fire       #.......     100%        3    ####...
 Static Discharge         Conj/Air       #.......     100%        3    ####...
 Summon Guardian Golem    Hex/Summ       #.......     100%        3    ####...
 Airstrike                Air            #.........   100%        4    #####..
 Sticky Flame             Conj/Fire      #.......     100%        4    #####..
 Summon Ice Beast         Ice/Summ       #.......     100%        4    #####..
 Summon Lightning Spire   Summ/Air       #.......     100%        4    #####..
 Fireball                 Conj/Fire      #.........   100%        5    ######.
 Lightning Bolt           Conj/Air       #.........   100%        5    ######.


Dungeon Overview and Level Annotations

Branches:
Dungeon (12/15)            Temple (0/1) D:5            Lair (4/6) D:10
 Shoals (0/4) Lair:3        Snake (0/4) Lair:2          Orc (1/2) D:9

Altars:
Hepliaklqana
Makhleb
Xom

Shops:
D:5 !*%!   D:6 [   D:7 *   D:8 :*(


Innate Abilities, Weirdness & Mutations

You have claws for hands.
You are partially covered in yellow scales. (AC +2)
Your flesh is cold resistant. (rC+)
When hurt, damage is shared between your health and your magic reserves.
You regenerate magic rapidly.
You are immune to freezing clouds.


Message History

* * * LOW HITPOINT WARNING * * *
The orc knight hits you from afar with a +1 halberd.
* * * LOW HITPOINT WARNING * * *
There is a staircase back to the Dungeon here.
Your crystal plate armour prevents you from hitting the orc warrior.
The orc warrior is almost dead.
You closely miss the orc knight.
The orc knight is almost dead.
The orc knight hits you from afar with a +1 halberd!!
* * * LOW HITPOINT WARNING * * *
You hear a shout!
You climb upwards.
Welcome back to the Dungeon!
You feel a strong urge to attack something.
There is a staircase to the Orcish Mines here.
Unknown command.
You feel your anger nearly subside.
You are no longer berserk.
You are exhausted.
You feel yourself slow down.
The orc knight hits you with a +0 war axe!!
You die...

....######......# #...........'.
#.### #......# #############. ..#
#......# #. .## ##'##### ## .#
#..# ##### ## #####.###...# #
####......##.>.# ###
#.........##.o.#
..###.##......##@..#
..#.).##......##.###
.>'.####...........##############
..### #......####...............
### #......# ################
#.(....# ###.#### #...# ####'##


You could see an orc knight.

Vanquished Creatures
  Frances (D:12)
  The ghost of Higadal the Peltast, a journeyman MiFi of Trog (Lair:3)
  The ghost of Nits the Fighter, a journeyman DsFi of Hepliaklqana (Lair:3)
  The ghost of Oluanan the Fighter, a journeyman DsFi of Hepliaklqana (Lair:3)
  Snorg (D:11)
  The ghost of Luuwnalu the Nimble, a journeyman KoHu of Okawaru (Lair:3)
  Josephine (Lair:4)
  The ghost of Soduown the Unseen, a journeyman FeCj of Sif Muna (Lair:3)
  Harold (D:8)
  An alligator (Lair:1)
  3 death yaks (Lair:4)
  An unseen horror (D:12)
  Pikel (D:6)
  A cyclops (D:11)
  An ugly thing (D:12)
  6 elephants (Lair:2)
  A black mamba (Lair:3)
  6 spiny frogs
  A rime drake (Lair:3)
  A komodo dragon (Lair:3)
  2 trolls
  2 polar bears (Lair:1)
  6 blink frogs
  A snapping turtle (Lair:3)
  10 hippogriffs
  Grinder (D:3)
  Sigmund (D:6)
  10 wraiths
  2 wyverns
  3 hogs (D:7)
  11 yaks
  A human (D:7)
  2 basilisks (Lair:3)
  2 hungry ghosts
  A steam dragon (D:10)
  4 wargs (D:9)
  5 water moccasins
  15 porcupines
  Duvessa (D:6)
  Purgy (D:3)
  3 phantoms
  2 sky beasts
  7 orc warriors
  3 ice beasts
  A necrophage (D:8)
  A black bear (D:9)
  6 ogres
  2 centaurs
  30 wolves
  10 crocodiles
  Blork the orc (D:5)
  11 bullfrogs
  2 big kobolds (D:11)
  Dowan (D:6)
  A water moccasin zombie (D:7)
  3 scorpions
  6 killer bees
  A vampire bat (D:5)
  A howler monkey (D:9)
  An electric eel (Lair:1)
  A bullfrog zombie (D:9)
  7 crimson imps
  9 hounds
  A quasit (D:9)
  3 orc priests
  4 jellies
  4 bullfrog skeletons
  A gnoll shaman (D:7)
  2 iguanas
  9 worker ants
  4 orc wizards
  2 killer bee zombies
  7 hound skeletons
  A hound zombie (D:9)
  A howler monkey zombie (D:5)
  A worker ant zombie (D:6)
  8 adders
  4 gnolls (D:7)
  2 shadow imps
  An ooze (D:4)
  An adder zombie (D:8)
  5 worms
  4 dart slugs
  4 leopard geckos
  26 orcs
  A ball python (D:3)
  15 bats
  5 giant cockroaches
  9 goblins
  7 hobgoblins
  7 jackals
  3 quokkas
  7 frilled lizards
  27 kobolds
  7 rats
  A fungus (D:10)
  A plant (Lair:3)
408 creatures vanquished.

Vanquished Creatures (collateral kills)
  A minotaur (Lair:3)
  A porcupine (Lair:3)
2 creatures vanquished.

Vanquished Creatures (others)
  7 fungi
  A plant (Lair:4)
8 creatures vanquished.

Grand Total: 418 creatures vanquished

Notes
Turn   | Place    | Note
-------+----------+-------------------------------------------
     0 | D:1      | Aggronaut the Demonspawn Berserker began the quest for the
                  | Orb.
     0 | D:1      | Reached XP level 1. HP: 18/18 MP: 1/1
   206 | D:1      | Reached skill level 3 in Axes
   258 | D:1      | Gained mutation: When hurt, damage is shared between your
                  | health and your magic reserves. [demonic ancestry]
   258 | D:1      | Reached XP level 2. HP: 22/24 MP: 2/2
   752 | D:2      | Reached XP level 3. HP: 23/29 MP: 1/3
  1445 | D:2      | Reached skill level 4 in Axes
  1462 | D:2      | Reached ** piety under Trog
  1547 | D:2      | Found a burning altar of Makhleb.
  1556 | D:2      | Reached XP level 4. HP: 27/35 MP: 2/4
  2435 | D:3      | Reached skill level 5 in Axes
  2470 | D:3      | Found a transporter.
  2604 | D:3      | Gained mutation: You regenerate magic rapidly. [demonic
                  | ancestry]
  2604 | D:3      | Reached XP level 5. HP: 41/41 MP: 3/5
  2726 | D:3      | Noticed Purgy
  2728 | D:3      | Noticed Grinder
  2755 | D:3      | Killed Purgy
  2755 | D:3      | Reached skill level 6 in Axes
  2771 | D:3      | Killed Grinder
  2771 | D:3      | Reached skill level 7 in Axes
  2771 | D:3      | Reached XP level 6. HP: 25/47 MP: 2/6
  2959 | D:3      | Noticed a kobold demonologist
  2961 | D:3      | Found a transporter.
  3550 | D:4      | Found a hazy altar of Hepliaklqana.
  3553 | D:4      | Gained mutation: You have sharp fingernails. [demonic
                  | ancestry]
  3553 | D:4      | Reached XP level 7. HP: 52/52 MP: 7/7
  3635 | D:4      | Got a jewelled leather armour
  3669 | D:4      | Identified the +3 leather armour "Upontak" {-Tele rElec rC+
                  | MR+} (You found it on level 4 of the Dungeon)
  4009 | D:5      | Entered Level 5 of the Dungeon
  4029 | D:5      | Found Wote's General Store.
  4077 | D:5      | Paralysed by fainting for 12 turns
  4093 | D:5      | Reached skill level 8 in Axes
  4402 | D:5      | Bought a scroll of remove curse for 30 gold pieces
  4402 | D:5      | Bought a scroll of identify for 20 gold pieces
  4458 | D:5      | Found a staircase to the Ecumenical Temple.
  4672 | D:5      | Noticed Blork the orc
  4680 | D:5      | Killed Blork the orc
  4680 | D:5      | Reached skill level 9 in Axes
  4680 | D:5      | Reached XP level 8. HP: 58/58 MP: 8/8
  4801 | D:5      | Found Omisoc's Distillery.
  4808 | D:5      | Bought a potion of heal wounds for 55 gold pieces
  4808 | D:5      | Bought a potion of invisibility for 88 gold pieces
  4839 | D:5      | Reached *** piety under Trog
  5049 | D:5      | Found Veckij's Distillery.
  5117 | D:5      | Found Ficimoer's Food Shoppe.
  5424 | D:6      | Found Xuatig's Armour Shoppe.
  5518 | D:6      | Noticed Sigmund
  5538 | D:6      | Killed Sigmund
  5538 | D:6      | Reached skill level 10 in Axes
  5704 | D:6      | Noticed Duvessa
  5705 | D:6      | Noticed Dowan
  5716 | D:6      | Killed Duvessa
  5719 | D:6      | Killed Dowan
  5719 | D:6      | Reached skill level 5 in Fighting
  5756 | D:6      | Noticed Pikel
  5785 | D:6      | Killed Pikel
  5785 | D:6      | Reached skill level 11 in Axes
  5785 | D:6      | Gained mutation: You have very sharp fingernails. [demonic
                  | ancestry]
  5785 | D:6      | Reached XP level 9. HP: 58/68 MP: 9/9
  6506 | D:7      | Found Liudolug's General Store.
  6521 | D:7      | Reached **** piety under Trog
  6966 | D:7      | Reached skill level 12 in Axes
  7314 | D:7      | Gained mutation: You have claws for hands. [demonic
                  | ancestry]
  7314 | D:7      | Reached XP level 10. HP: 25/74 MP: 7/10
  7776 | D:8      | Noticed Harold
  7791 | D:8      | Killed Harold
  7791 | D:8      | Reached skill level 13 in Axes
  8009 | D:8      | Found a shimmering altar of Xom.
  8009 | D:8      | Found a shimmering altar of Xom.
  8021 | D:8      | Found Nihulywn's Assorted Antiques.
  8095 | D:8      | Found a shimmering altar of Xom.
  8111 | D:8      | Found a shimmering altar of Xom.
  8124 | D:8      | Found Tupycs's Antique Weapon Shoppe.
  8270 | D:8      | Found Yloman's Book Emporium.
  8940 | D:9      | Reached skill level 14 in Axes
  9212 | D:9      | Found a staircase to the Orcish Mines.
  9507 | D:10     | Entered Level 10 of the Dungeon
 10150 | D:10     | Reached ***** piety under Trog
 10361 | D:10     | Found a staircase to the Lair.
 10700 | D:10     | Gained mutation: You are partially covered in yellow
                  | scales. (AC +2) [demonic ancestry]
 10700 | D:10     | Reached XP level 11. HP: 57/79 MP: 6/11
 10708 | Lair:1   | Entered Level 1 of the Lair of Beasts
 11546 | D:11     | Reached skill level 15 in Axes
 11589 | D:11     | Found a flagged portal.
 11598 | D:11     | Got a translucent hand axe
 11601 | Bailey   | Entered a bailey
 11602 | Bailey   | Identified the cursed +3 hand axe of Woun Jaa {chop, +Inv
                  | rF+ rC+ Int-3} (You found it on level 11 of the Dungeon)
 11695 | Bailey   | Found an iron altar of Okawaru.
 11847 | D:11     | Paralysed by fainting for 5 turns
 12199 | D:11     | Noticed Snorg
 12212 | D:11     | Killed Snorg
 13134 | D:12     | Noticed a cyan ugly thing
 13141 | D:12     | Killed a cyan ugly thing
 13238 | D:12     | Noticed Frances
 13250 | D:12     | Killed Frances
 13250 | D:12     | Reached skill level 16 in Axes
 13260 | D:12     | Found the +5 scythe "Finisher" {speed, eviscerate}
 13352 | D:12     | Killed an unseen horror
 13607 | D:12     | Found the +8 frozen axe "Frostbite" {freezing cloud, *Noise
                  | +Fly rC+}
 13619 | D:12     | Paralysed by fainting for 5 turns
 13904 | Lair:1   | Received a gift from Trog
 13904 | Lair:1   | Gained mutation: Your flesh is cold resistant. (rC+)
                  | [demonic ancestry]
 13904 | Lair:1   | Reached XP level 12. HP: 83/86 MP: 12/12
 13995 | Lair:1   | Noticed a five-headed hydra
 13997 | Lair:1   | Noticed an alligator
 13997 | Lair:1   | a five-headed hydra changed into an alligator
 14004 | Lair:1   | Killed an alligator
 14832 | Lair:1   | Reached skill level 17 in Axes
 14991 | Lair:1   | You fall through a shaft!
 15387 | Lair:2   | Found a staircase to the Snake Pit.
 16195 | Lair:3   | Found a staircase to the Shoals.
 16205 | Lair:3   | Identified a scroll of acquirement
 16425 | Lair:3   | Noticed an eight-headed hydra
 16435 | Lair:3   | Noticed a minotaur
 16435 | Lair:3   | an eight-headed hydra changed into a minotaur
 16441 | Lair:3   | Killed a minotaur
 16441 | Lair:3   | Reached skill level 18 in Axes
 16441 | Lair:3   | Gained mutation: You are immune to freezing clouds.
                  | [demonic ancestry]
 16441 | Lair:3   | Reached XP level 13. HP: 60/98 MP: 13/13
 16635 | Lair:3   | Found a runed translucent gate.
 16638 | Lair:3   | Found a runed translucent gate.
 16650 | Lair:3   | Found a runed translucent gate.
 16651 | Lair:3   | Noticed Soduown's ghost (journeyman FeCj)
 16651 | Lair:3   | Noticed Higadal's ghost (journeyman MiFi)
 16651 | Lair:3   | Noticed Oluanan's ghost (journeyman DsFi)
 16651 | Lair:3   | Noticed Luuwnalu's ghost (journeyman KoHu)
 16651 | Lair:3   | Noticed Nits's ghost (journeyman DsFi)
 16726 | Lair:3   | Received a gift from Trog
 16829 | Lair:3   | You fall through a shaft!
 17303 | Lair:4   | Noticed Josephine
 17312 | Lair:4   | Killed Josephine
 17940 | Lair:3   | Killed Oluanan's ghost
 17942 | Lair:3   | Killed Nits's ghost
 17942 | Lair:3   | Killed Luuwnalu's ghost
 17947 | Lair:3   | Killed Higadal's ghost
 17954 | Lair:3   | Killed Soduown's ghost
 18125 | Orc:1    | Entered Level 1 of the Orcish Mines
 18143 | Orc:1    | HP: 5/151 [orc knight/+1 halberd (28)]
 18146 | D:9      | Demolished by an orc knight

Skill      XL: |  1  2  3  4  5  6  7  8  9 10 11 12 13 |
---------------+----------------------------------------+-----
Axes           | 3 4 5 7 9 11 12 14 16 18 | 18.7
Fighting       | 5 8 9 |  9.5
Armour         | |  1.7
Dodging        | |  1.7

Action                   |  1- 3 |  4- 6 |  7- 9 | 10-12 | 13-15 || total
-------------------------+-------+-------+-------+-------+-------++-------
Melee: Hand axe          |    90 |   139 |    14 |    36 |       ||   279
       War axe           |       |       |    71 |       |       ||    71
       Battleaxe         |       |       |   269 |   450 |       ||   719
       Executioner's axe |       |       |       |   149 |   120 ||   269
Invok: Berserk           |     1 |     2 |    10 |    14 |     2 ||    29
       Trog's Hand       |       |     2 |     1 |     1 |       ||     4
       Brothers in Arms  |       |       |       |     1 |       ||     1
Evoke: Wand              |       |     2 |     3 |    11 |     8 ||    24
       Lamp of fire      |       |       |       |     1 |       ||     1
  Use: Scroll            |     1 |     2 |     5 |    17 |     2 ||    27
       Potion            |       |     2 |     2 |     2 |       ||     6
 Stab: Paralysed         |       |       |       |     4 |       ||     4
  Eat: Ration            |     1 |       |     2 |     7 |     1 ||    11
       Chunk             |       |     8 |    16 |    25 |     6 ||    55
Armor: Leather armour    |    15 |       |       |       |       ||    15
       Ring mail         |    10 |    51 |   177 |    89 |       ||   327
       Skin              |       |     3 |       |       |       ||     3
       Plate armour      |       |       |       |   348 |       ||   348
       Crystal plate arm |       |       |       |    86 |    96 ||   182
Dodge: Dodged            |    55 |    81 |   232 |   272 |    20 ||   660
